 Dungeon Crawl Stone Soup version 0.22.0-36-g8e74550 (webtiles) character file.

41264 iamserjio the Brawler (level 13, -9/131 HPs)
             Began as a Troll Fighter on Aug 24, 2018.
             Was the Champion of Cheibriados.
             Killed from afar by a deep elf annihilator (41 damage)
             ... with an iron shot
             ... on level 1 of the Elven Halls.
             The game lasted 00:42:39 (5810 turns).

iamserjio the Brawler (Troll Fighter)               Turns: 5810, Time: 00:42:40

Health: -9/131     AC:  7    Str: 42    XL:     13   Next: 79%
Magic:  15/18      EV: 13    Int: 23    God:    Cheibriados [******]
Gold:   558        SH: 15    Dex: 26    Spells: 14/16 levels left

rFire    . . .     SeeInvis .     - Unarmed
rCold    . . .     Gourm    +   b - +1 shield
rNeg     . . .     Faith    .   O - +0 troll leather armour
rPois    +         Spirit   .   (helmet restricted)
rElec    .         Reflect  .   (no cloak)
rCorr    +         Harm     .   (gloves unavailable)
MR       .....                  (boots unavailable)
Stlth    ++........             (no amulet)
HPRegen  1.11/turn              n - +2 ring of evasion
MPRegen  0.16/turn              f - ring of resist corrosion

@: very slow
A: large, unfitting armour, claws 3, agile 1, fast metabolism 3, gourmand,
poison resistance, regeneration 1, screaming 1, shaggy fur 1, tough skin 2,
MP-powered wands
a: Bend Time, Temporal Distortion, Slouch, Step From Time, Renounce Religion


You were on level 1 of the Elven Halls.
You worshipped Cheibriados.
Cheibriados was exalted by your worship.
You were completely stuffed.

You visited 4 branches of the dungeon, and saw 16 of its levels.
You also visited: Ossuary and Bailey.

You collected 1238 gold pieces.
You spent 680 gold pieces at shops.

Inventory:

Hand Weapons
 j - a +0 flail of crushing
 P - a +2 flail of protection
Missiles
 i - a throwing net (quivered) {!f}
 l - 21 poisoned javelins
 R - 6 large rocks
Armour
 a - a +0 robe
 b - a +1 shield (worn)
 D - +0 steam dragon scales
 N - a +2 robe of resistance
 O - a +0 troll leather armour (worn)
 Q - a -2 robe
 S - a +2 robe of cold resistance
 T - a +2 robe of cold resistance
Jewellery
 f - a ring of resist corrosion (right claw)
 n - a +2 ring of evasion (left claw)
Wands
 h - a wand of paralysis (10)
 p - a wand of disintegration (8)
 w - a wand of flame (20)
 y - a wand of digging (10)
 H - a wand of acid (4)
Scrolls
 g - 2 scrolls of amnesia
 m - 2 scrolls of teleportation
 o - 2 scrolls of remove curse {@r2}
 u - a scroll of enchant weapon
 v - 4 scrolls of noise
 x - 2 scrolls of blinking
 A - a scroll of torment {unknown}
 B - 4 scrolls of random uselessness
 C - a scroll of fog
 I - a scroll of magic mapping
 K - a scroll of vulnerability {unknown}
 L - 2 scrolls of immolation {unknown}
 M - 2 scrolls of fear {unknown}
Potions
 e - 3 potions of cancellation
 k - 8 potions of curing {@q1}
 r - 9 potions of mutation
 s - 2 potions of agility
 t - 4 potions of might
 z - 12 potions of degeneration
 E - 3 potions of flight {unknown}
 F - 2 potions of ambrosia
 G - 3 potions of lignification
 J - a potion of berserk rage {unknown}
 U - a potion of brilliance {unknown}
Comestibles
 c - a chunk of flesh
 d - 13 rations


   Skills:
 + Level 9.6 Fighting
 - Level 2.4 Dodging
 - Level 9.0 Shields
 - Level 16.2 Unarmed Combat
 + Level 2.3 Spellcasting
 + Level 8.0 Invocations
 - Level 1.0 Evocations


You had 14 spell levels left.
You knew the following spells:

 Your Spells              Type           Power        Failure   Level  Hunger
a - Blink                 Tloc           N/A          21%         2    ##.....

Your spell library contained the following spells:

 Spells                   Type           Power        Failure   Level  Hunger
 Magic Dart               Conj           #...         13%         1    None
 Call Imp                 Summ           #.......     21%         2    ##.....
 Slow                     Hex            #.......     21%         2    ##.....
 Conjure Flame            Conj/Fire      #.......     36%         3    ###....
 Mephitic Cloud           Conj/Pois/Air  #.......     36%         3    ###....


Dungeon Overview and Level Annotations

Branches:
Dungeon (12/15)            Temple (1/1) D:7             Orc (2/2) D:10
    Elf (1/3) Orc:2
   Lair: D:8-11

Altars:
Cheibriados
Dithmenos
Fedhas
Gozag
Kikubaaqudgha
Makhleb
Nemelex Xobeh
Ru
Sif Muna
Uskayaw
Vehumet
Wu Jian
Yredelemnul
The Shining One
Beogh

Shops:
Orc:2 *!:(


Innate Abilities, Weirdness & Mutations

You are too large for most types of armour.
You have claws for hands.
Your metabolism is lightning-fast.
You like to eat raw meat.
Your natural rate of healing is unusually fast.
You are covered in fur. (AC +1)
You have very tough skin. (AC +2)
You are agile. (Dex +2)
Your system is resistant to poisons. (rPois)
You occasionally shout uncontrollably at your foes.
You expend magic power (3 MP) to strengthen your wands.


Message History

There isn't anything to butcher here.
Eat one of 3 chunks of flesh? (ye/n/q)
You eat one of the 3 chunks of flesh.
This raw flesh tastes great.
Eat one of 2 chunks of flesh? (ye/n/q)
You eat one of the 2 chunks of flesh.
This raw flesh tastes great.
A deep elf annihilator comes into view. It is wielding a long sword.
The deep elf annihilator shouts!
Items here: ))))) [[ †††
Things that are here:
a dagger; a leather armour You claw the deep elf annihilator!
The deep elf annihilator is lightly wounded.
You block the deep elf annihilator's attack.
You mangle the deep elf annihilator!!
The deep elf annihilator is moderately wounded.
You mangle the deep elf annihilator!!
The deep elf annihilator is severely wounded.
The deep elf annihilator gestures at you while chanting.
The iron shot hits you!
You die...

+# .. .. #.# . .# #. #.#
.. . #. #. #..#.#.###
####+ # #...#.%.###...##
+...'e#.##.....###########
#...#@.......'.....(((
#.e#e).......#########
#..#.........#
#........(...# #
#....##.......## #
#.#.##+#.....## .....
##...## ....?. #####
...=...


You could see a deep elf annihilator.

Vanquished Creatures
  An orc warlord (Orc:2)
  A deep elf elementalist (Elf:1)
  A hydra (D:12)
  4 two-headed ogres
  A dancing weapon (Elf:1)
  5 orc high priests (Orc:2)
  Nergalle (D:11)
  2 unseen horrors (D:11)
  2 deep elf archers (Elf:1)
  7 orc knights
  A harpy (shapeshifter) (Elf:1)
  10 deep elf magi (Elf:1)
  4 orc sorcerers
  An ugly thing (D:9)
  A cyclops (Orc:1)
  A manticore (D:11)
  Psyche (D:8)
  A komodo dragon (D:10)
  4 trolls
  2 hippogriffs
  An air elemental (Elf:1)
  A shadow (D:11)
  A wraith (D:10)
  16 yaks
  Eustachio (D:5)
  A wyvern (D:11)
  A steam dragon (D:11)
  7 vampire mosquitoes (D:12)
  Menkaure (D:5)
  6 wargs
  An acid dragon (D:12)
  2 sky beasts
  2 ice beasts
  A black bear (D:11)
  38 orc warriors
  16 ogres
  3 centaurs
  10 bullfrogs
  A wyvern skeleton (D:12)
  3 scorpions
  4 killer bees (D:7)
  3 wights (D:7)
  A howler monkey (D:10)
  4 crimson imps
  4 centaur zombies
  A human zombie (Ossuary)
  A quasit (D:9)
  25 orc priests
  3 hounds
  5 jellies
  8 orc wizards
  3 centaur skeletons
  Ijyb (D:3)
  4 iguanas
  9 worker ants
  2 hound zombies
  A hound skeleton (D:10)
  3 mummies (Ossuary)
  17 gnolls
  7 adders
  2 shadow imps
  4 dart slugs
  2 leopard geckos
  88 orcs
  7 bats
  3 giant cockroaches
  A gnoll zombie (Ossuary)
  2 goblins (D:1)
  16 hobgoblins
  30 jackals
  6 quokkas
  2 ball pythons
  A frilled lizard (D:1)
  A jackal skeleton (D:7)
  A jackal zombie (D:8)
  16 kobolds
  4 kobold zombies (Ossuary)
  A leopard gecko skeleton (D:7)
  An orc zombie (Ossuary)
  4 rats
462 creatures vanquished.

Notes
Turn   | Place    | Note
-------+----------+-------------------------------------------
     0 | D:1      | iamserjio the Troll Fighter began the quest for the Orb.
     0 | D:1      | Reached XP level 1. HP: 22/22 MP: 0/0
   110 | D:1      | Reached XP level 2. HP: 26/29 MP: 1/1
   211 | D:2      | Reached skill level 3 in Unarmed Combat
   249 | D:1      | Reached XP level 3. HP: 27/36 MP: 2/2
   333 | D:2      | Found a burning altar of Makhleb.
   514 | D:3      | Noticed Ijyb
   522 | D:3      | Killed Ijyb
   522 | D:3      | Reached skill level 4 in Unarmed Combat
   522 | D:3      | Reached XP level 4. HP: 43/44 MP: 3/3
   532 | D:3      | Noticed a bullfrog
   539 | D:3      | Killed a bullfrog
   539 | D:3      | Reached XP level 5. HP: 41/50 MP: 4/4
   636 | D:5      | Entered Level 5 of the Dungeon
   643 | D:4      | You fall through a shaft for 3 floors!
   649 | D:7      | Reached skill level 5 in Unarmed Combat
   665 | D:7      | Reached XP level 6. HP: 37/59 MP: 5/5
   821 | D:6      | Reached skill level 6 in Unarmed Combat
   838 | D:6      | Reached XP level 7. HP: 60/66 MP: 6/6
   846 | D:5      | Noticed Menkaure
   890 | D:6      | Reached skill level 7 in Unarmed Combat
  1008 | D:5      | Noticed Eustachio
  1021 | D:5      | Killed Eustachio
  1021 | D:5      | Reached skill level 5 in Shields
  1038 | D:5      | Reached XP level 8. HP: 61/74 MP: 7/7
  1050 | D:5      | Reached skill level 8 in Unarmed Combat
  1087 | D:5      | Killed Menkaure
  1171 | D:7      | Reached skill level 9 in Unarmed Combat
  1185 | D:7      | Found a flagged portal.
  1194 | Bailey   | Entered a bailey
  1257 | Bailey   | Noticed an orc knight
  1307 | Bailey   | Gained mutation: Your system is resistant to poisons. (rPois) [potion of mutation]
  1307 | Bailey   | Gained mutation: You occasionally shout uncontrollably at your foes. [potion of mutation]
  1307 | Bailey   | Gained mutation: You are agile. (Dex +2) [potion of mutation]
  1307 | Bailey   | Gained mutation: You expend magic power (3 MP) to strengthen your wands. [potion of mutation]
  1340 | Bailey   | Killed an orc knight
  1340 | Bailey   | Reached skill level 10 in Unarmed Combat
  1340 | Bailey   | Reached XP level 9. HP: 28/80 MP: 4/8
  1371 | Bailey   | Reached skill level 13 in Unarmed Combat
  1371 | Bailey   | Reached XP level 10. HP: 21/88 MP: 1/9
  1463 | D:7      | Found a staircase to the Ecumenical Temple.
  1469 | Temple   | Entered the Ecumenical Temple
  1776 | D:6      | Found a snail-covered altar of Cheibriados.
  1779 | D:6      | Became a worshipper of Cheibriados the Contemplative
  1965 | D:8      | Noticed Psyche
  1973 | D:8      | Killed Psyche
  2029 | D:7      | Found a deep blue altar of Sif Muna.
  2043 | D:8      | Found an ancient bone altar of Kikubaaqudgha.
  2342 | D:8      | Found a sand-covered staircase.
  2362 | Ossuary  | Entered an ossuary
  2492 | Ossuary  | Reached * piety under Cheibriados
  2510 | Ossuary  | Reached skill level 1 in Invocations
  2610 | D:9      | Noticed a green ugly thing
  2617 | D:9      | Killed a green ugly thing
  2632 | D:9      | Reached skill level 1 in Evocations
  2745 | D:9      | Reached ** piety under Cheibriados
  2758 | D:9      | Found a blossoming altar of Fedhas.
  2795 | D:10     | Entered Level 10 of the Dungeon
  2929 | D:10     | Found a staircase to the Orcish Mines.
  2938 | D:10     | Reached XP level 11. HP: 81/97 MP: 11/11
  3225 | D:11     | Noticed Nergalle
  3238 | D:11     | Killed Nergalle
  3238 | D:11     | Reached skill level 14 in Unarmed Combat
  3246 | D:11     | Reached *** piety under Cheibriados
  3430 | D:12     | Reached skill level 5 in Fighting
  3548 | D:12     | Noticed a four-headed hydra
  3556 | D:12     | Killed a four-headed hydra
  3556 | D:12     | Reached skill level 5 in Invocations
  3621 | D:11     | Reached **** piety under Cheibriados
  3628 | D:11     | Killed an unseen horror
  3842 | D:11     | Killed an unseen horror
  3902 | D:11     | Reached XP level 12. HP: 90/115 MP: 15/15
  3921 | D:11     | Noticed a two-headed ogre
  3927 | D:11     | Killed a two-headed ogre
  4027 | Orc:1    | Entered Level 1 of the Orcish Mines
  4164 | D:10     | Reached ***** piety under Cheibriados
  4394 | Orc:2    | Entered Level 2 of the Orcish Mines
  4398 | Orc:2    | Noticed a two-headed ogre
  4412 | Orc:2    | Killed a two-headed ogre
  4579 | Orc:2    | Noticed a two-headed ogre
  4592 | Orc:2    | Killed a two-headed ogre
  4611 | Orc:1    | Noticed a two-headed ogre
  4615 | Orc:1    | Killed a two-headed ogre
  4788 | Orc:2    | Found a roughly hewn altar of Beogh.
  4853 | Orc:2    | Reached skill level 15 in Unarmed Combat
  4896 | Orc:2    | Found Tawkyxt's Antique Weapon Boutique.
  4914 | Orc:2    | Found Maxaa's Book Shop.
  4928 | Orc:2    | Reached ****** piety under Cheibriados
  4996 | Orc:2    | Noticed an orc high priest
  5003 | Orc:2    | Killed an orc high priest
  5003 | Orc:2    | Reached XP level 13. HP: 73/130 MP: 17/17
  5158 | Orc:2    | Found a staircase to the Elven Halls.
  5254 | Orc:2    | Noticed an orc warlord
  5264 | Orc:2    | Killed an orc warlord
  5403 | Orc:2    | Reached skill level 16 in Unarmed Combat
  5422 | Orc:2    | Learned a level 2 spell: Blink
  5450 | Orc:2    | Found Vacsoi's Assorted Antiques.
  5458 | Orc:2    | Bought a fuming pink potion for 26 gold pieces
  5458 | Orc:2    | Bought a scroll of blinking for 217 gold pieces
  5458 | Orc:2    | Bought a scroll labeled JACIS QIUNNEU for 29 gold pieces
  5469 | Orc:2    | Found a roughly hewn altar of Beogh.
  5499 | Orc:2    | Found Xiter's Distillery.
  5508 | Orc:2    | Bought 2 potions of might for 96 gold pieces
  5508 | Orc:2    | Bought a potion of might for 48 gold pieces
  5508 | Orc:2    | Bought a potion of curing for 36 gold pieces
  5508 | Orc:2    | Bought a potion of lignification for 36 gold pieces
  5508 | Orc:2    | Bought a potion of cancellation for 96 gold pieces
  5508 | Orc:2    | Bought a potion of ambrosia for 96 gold pieces
  5642 | Elf:1    | Entered Level 1 of the Elven Halls
  5649 | Elf:1    | Noticed a deep elf elementalist
  5653 | Elf:1    | Killed a deep elf elementalist
  5653 | Elf:1    | Reached skill level 1 in Spellcasting
  5805 | Elf:1    | Noticed a deep elf annihilator
  5810 | Elf:1    | Killed from afar by a deep elf annihilator

Skill      XL: |  1  2  3  4  5  6  7  8  9 10 11 12 13 |
---------------+----------------------------------------+-----
Unarmed Combat | 3 4 5 6 7 10 13 14 15 16 | 16.2
Shields        | 3 4 5 6 8 9 |  9.0
Invocations    | 2 6 7 8 |  8.0
Evocations     | 1 |  1.0
Fighting       | 3 6 8 9 |  9.6
Spellcasting   | 2 |  2.3
Dodging        | |  2.4

Action                   |  1- 3 |  4- 6 |  7- 9 | 10-12 | 13-15 || total
-------------------------+-------+-------+-------+-------+-------++-------
Melee: Unarmed           |   144 |    73 |   175 |   653 |   212 ||  1257
       Flail             |       |       |       |     2 |       ||     2
Invok: Slouch            |       |       |       |       |     2 ||     2
Evoke: Wand              |       |       |     7 |    12 |     3 ||    22
  Use: Potion            |     1 |     3 |     2 |     2 |     6 ||    14
       Scroll            |       |     4 |     3 |     6 |     1 ||    14
 Stab: Sleeping          |     1 |     1 |       |     2 |       ||     4
       Paralysed         |       |       |    11 |     3 |       ||    14
  Eat: Chunk             |     2 |     5 |    12 |    26 |     8 ||    53
Armor: Robe              |    63 |    12 |    34 |    34 |       ||   143
       Steam dragon scal |       |       |       |    54 |       ||    54
       Troll leather arm |       |       |       |    17 |    20 ||    37
Dodge: Dodged            |    52 |    30 |    72 |   244 |    37 ||   435
Block: Shield            |    84 |    31 |   103 |   472 |   151 ||   841
